[ PARTIDA AOE2 · #466081153 ]
UnrankedPersas vs Persians
[ ANÁLISIS DE REPETICIÓN · EXTRAÍDO DE LA PARTIDA GRABADA ]
Feudal
10:20
Castillos
17:20
Imperial
27:23
| APM promedio | 19.7 |
| APM pico | 63 |
| eAPM promedio | 13.6 |
| Aldeanos / militares | 96 / 64 |
Foco
⚔️ 22.2% · 🌾 77.8%
Knight ×49 · War Elephant ×15
Feudal
12:10
Castillos
18:47
Imperial
34:29
| APM promedio | 21.8 |
| APM pico | 115 |
| eAPM promedio | 9.8 |
| Aldeanos / militares | 72 / 17 |
Foco
⚔️ 14.8% · 🌾 85.2%
Knight ×10 · Mangonel ×3 · Spearman ×2 · Battering Ram ×2
Feudal
10:08
Castillos
14:54
Imperial
29:57
| APM promedio | 26.4 |
| APM pico | 79 |
| eAPM promedio | 14.5 |
| Aldeanos / militares | 170 / 173 |
Foco
⚔️ 24.5% · 🌾 75.5%
Archer ×118 · War Elephant ×53 · Monk ×2
Feudal
13:04
Castillos
20:27
Imperial
36:22
| APM promedio | 28.1 |
| APM pico | 60 |
| eAPM promedio | 19.9 |
| Aldeanos / militares | 116 / 60 |
Foco
⚔️ 23.3% · 🌾 76.7%
Hand Cannoneer ×37 · Knight ×12 · Bombard Cannon ×11
Feudal
12:40
Castillos
16:39
Imperial
23:55
| APM promedio | 16.2 |
| APM pico | 36 |
| eAPM promedio | 9.4 |
| Aldeanos / militares | 48 / 61 |
Foco
⚔️ 31.3% · 🌾 68.7%
Hand Cannoneer ×35 · Camel Scout ×16 · Bombard Cannon ×5 · Monk ×4 · Mangonel ×1
Feudal
11:55
Castillos
20:23
Imperial
—
| APM promedio | 12.4 |
| APM pico | 32 |
| eAPM promedio | 7.3 |
| Aldeanos / militares | 49 / 73 |
Foco
⚔️ 25.8% · 🌾 74.2%
Skirmisher ×44 · Flemish Militia ×29
Feudal
10:06
Castillos
15:16
Imperial
31:33
| APM promedio | 22.4 |
| APM pico | 84 |
| eAPM promedio | 14.1 |
| Aldeanos / militares | 123 / 133 |
Foco
⚔️ 22.7% · 🌾 77.3%
Spearman ×53 · Knight ×41 · Scout Cavalry ×22 · Trebuchet (Packed) ×6 · Militia ×5 · Conquistador ×2
Feudal
10:53
Castillos
19:58
Imperial
32:23
| APM promedio | 20.1 |
| APM pico | 45 |
| eAPM promedio | 12.1 |
| Aldeanos / militares | 108 / 75 |
Foco
⚔️ 26.7% · 🌾 73.3%
Scorpion ×69 · Trebuchet (Packed) ×4 · Mangonel ×2
Mapa de la partida
Recursos iniciales + cada clic de construcción. Líneas = muros · curvas = relieve. ◆ oro · ⬟ piedra · ● bayas · ✦ reliquia · ◌ hueco del cierre
Tu base· ✓ Cerrada en 17:20 · 0t muro · 2 puerta(s)
Base de SirFrank· ✓ Cerrada en 18:47 · 0t muro · 3 puerta(s)
Base de ExDictador Nicolas Maduro· ✓ Cerrada en 14:54 · 0t muro · 2 puerta(s)
Base de Wuiledewui· ✓ Cerrada en 20:27 · 0t muro · 3 puerta(s)
Base de jimmi· ✓ Cerrada en 16:39 · 34t muro · 3 puerta(s)
Base de gabrielfigue· ✓ Cerrada en 20:23 · 0t muro · 2 puerta(s)
Base de Harold Baron· ✓ Cerrada en 15:16 · 0t muro · 2 puerta(s)
Base de EL PELUCHE GUACHIN· ✓ Cerrada en 19:58 · 0t muro · 2 puerta(s)
Terreno inicial suavizado · ◌ = hueco del cierre detectado · pasá el cursor para detalles
Inputs por minuto
— ivan8v - - SirFrank
Build order — ivan8v
Primeras 150 de 292 acciones detectadas
| 0:02 | Construir | House |
| 0:06 | Crear | Villager (Male) |
| 0:06 | Crear | Villager (Male) |
| 0:07 | Crear | Villager (Male) |
| 0:07 | Crear | Villager (Male) |
| 0:18 | Construir | House |
| 1:17 | Construir | Lumber Camp |
| 1:20 | Crear | Villager (Male) |
| 1:51 | Crear | Villager (Male) |
| 2:13 | Crear | Villager (Male) |
| 2:47 | Crear | Villager (Male) |
| 3:05 | Crear | Villager (Male) |
| 3:42 | Construir | House |
| 3:44 | Construir | House |
| 3:48 | Crear | Villager (Male) |
| 4:05 | Crear | Villager (Male) |
| 4:15 | Construir | Mill |
| 4:20 | Crear | Villager (Male) |
| 4:51 | Crear | Villager (Male) |
| 5:20 | Crear | Villager (Male) |
| 5:31 | Crear | Villager (Male) |
| 6:01 | Crear | Villager (Male) |
| 6:05 | Construir | Farm |
| 6:20 | Construir | Farm |
| 6:35 | Crear | Villager (Male) |
| 6:50 | Crear | Villager (Male) |
| 7:03 | Construir | Farm |
| 7:27 | Construir | Farm |
| 7:28 | Crear | Villager (Male) |
| 7:29 | Crear | Villager (Male) |
| 7:42 | Construir | House |
| 7:57 | Construir | Farm |
| 8:06 | Investigar | Feudal Age |
| 8:21 | Construir | Farm |
| 8:36 | Construir | Farm |
| 9:44 | Crear | Villager (Male) |
| 9:44 | Crear | Villager (Male) |
| 9:46 | Crear | Villager (Male) |
| 10:20 | Edad | Edad Feudal |
| 10:27 | Investigar | Double-Bit Axe |
| 10:31 | Investigar | Horse Collar |
| 10:46 | Construir | Mining Camp |
| 10:50 | Crear | Villager (Male) |
| 11:41 | Construir | Blacksmith |
| 11:48 | Construir | Market |
| 11:49 | Crear | Villager (Male) |
| 11:59 | Construir | House |
| 12:02 | Construir | House |
| 12:06 | Crear | Villager (Male) |
| 12:19 | Construir | Farm |
| 12:37 | Crear | Villager (Male) |
| 12:38 | Crear | Villager (Male) |
| 12:42 | Construir | Farm |
| 12:48 | Crear | Villager (Male) |
| 13:17 | Construir | Farm |
| 13:26 | Construir | Farm |
| 13:29 | Crear | Villager (Male) |
| 13:47 | Construir | Mining Camp |
| 13:55 | Crear | Villager (Male) |
| 14:12 | Construir | Barracks |
| 14:16 | Crear | Villager (Male) |
| 14:27 | Construir | Farm |
| 14:54 | Investigar | Castle Age |
| 15:06 | Construir | Farm |
| 15:29 | Construir | Stable |
| 15:49 | Investigar | Stone Mining |
| 15:49 | Investigar | Gold Mining |
| 15:54 | Investigar | Gold Mining |
| 17:08 | Investigar | Scale Barding Armor |
| 17:10 | Investigar | Forging |
| 17:20 | Edad | Edad de los Castillos |
| 17:25 | Construir | Town Center |
| 17:30 | Crear | Villager (Male) |
| 17:30 | Crear | Villager (Male) |
| 17:31 | Crear | Villager (Male) |
| 18:02 | Construir | Lumber Camp |
| 18:16 | Crear | Villager (Male) |
| 18:46 | Construir | House |
| 18:47 | Construir | House |
| 18:48 | Construir | House |
| 19:01 | Crear | Villager (Male) |
| 19:03 | Crear | Villager (Male) |
| 19:07 | Crear | Villager (Male) |
| 19:07 | Crear | Villager (Male) |
| 19:08 | Crear | Villager (Male) |
| 19:09 | Crear | Villager (Male) |
| 19:33 | Construir | Farm |
| 19:38 | Crear | Knight |
| 19:39 | Crear | Knight |
| 19:41 | Crear | Knight |
| 19:46 | Construir | Farm |
| 19:52 | Investigar | Bow Saw |
| 20:16 | Crear | Villager (Male) |
| 20:17 | Crear | Villager (Male) |
| 20:33 | Construir | Farm |
| 20:35 | Crear | Villager (Male) |
| 20:38 | Construir | Farm |
| 20:50 | Crear | Knight |
| 21:04 | Construir | Farm |
| 21:07 | Crear | Villager (Male) |
| 21:10 | Crear | Villager (Male) |
| 21:14 | Construir | Town Center |
| 21:20 | Crear | Villager (Male) |
| 21:24 | Construir | Farm |
| 21:39 | Crear | Villager (Male) |
| 21:39 | Crear | Villager (Male) |
| 21:41 | Construir | Lumber Camp |
| 21:56 | Crear | Villager (Male) |
| 21:56 | Crear | Villager (Male) |
| 22:02 | Crear | Villager (Male) |
| 22:11 | Construir | House |
| 22:12 | Construir | House |
| 22:13 | Construir | House |
| 22:36 | Crear | Villager (Male) |
| 22:36 | Crear | Villager (Male) |
| 22:37 | Crear | Villager (Male) |
| 22:37 | Crear | Villager (Male) |
| 23:12 | Construir | Castle |
| 23:25 | Crear | Villager (Male) |
| 23:25 | Crear | Villager (Male) |
| 23:26 | Crear | Villager (Male) |
| 23:28 | Crear | Villager (Male) |
| 23:34 | Construir | Farm |
| 23:38 | Crear | Villager (Male) |
| 23:39 | Crear | Villager (Male) |
| 23:40 | Construir | Farm |
| 23:41 | Construir | Farm |
| 23:41 | Construir | Farm |
| 23:41 | Construir | Farm |
| 23:51 | Construir | Mill |
| 23:55 | Construir | Farm |
| 23:57 | Construir | Farm |
| 24:37 | Construir | Mining Camp |
| 24:38 | Investigar | Imperial Age |
| 24:43 | Construir | Mining Camp |
| 24:53 | Construir | Farm |
| 24:54 | Construir | Farm |
| 25:00 | Construir | Farm |
| 25:03 | Investigar | Wheelbarrow |
| 25:03 | Investigar | Loom |
| 25:06 | Investigar | Town Watch |
| 25:19 | Crear | Villager (Male) |
| 25:19 | Crear | Villager (Male) |
| 25:21 | Crear | Villager (Male) |
| 25:22 | Crear | Villager (Male) |
| 25:43 | Crear | War Elephant |
| 26:02 | Investigar | Bloodlines |
| 26:19 | Crear | War Elephant |
| 26:35 | Crear | War Elephant |
| 26:38 | Construir | Mining Camp |
Build order — SirFrank
Primeras 150 de 184 acciones detectadas
| 0:05 | Construir | House |
| 0:08 | Construir | House |
| 0:12 | Construir | House |
| 0:29 | Crear | Villager (Male) |
| 0:30 | Crear | Villager (Male) |
| 0:30 | Crear | Villager (Male) |
| 0:30 | Crear | Villager (Male) |
| 1:47 | Crear | Villager (Male) |
| 2:28 | Crear | Villager (Male) |
| 2:56 | Crear | Villager (Male) |
| 3:05 | Crear | Villager (Male) |
| 3:28 | Crear | Villager (Male) |
| 3:59 | Crear | Villager (Male) |
| 4:34 | Crear | Villager (Male) |
| 4:36 | Crear | Villager (Male) |
| 5:31 | Crear | Villager (Male) |
| 5:47 | Crear | Villager (Male) |
| 5:54 | Crear | Villager (Male) |
| 6:03 | Construir | Mill |
| 6:22 | Crear | Villager (Male) |
| 7:04 | Construir | Lumber Camp |
| 7:18 | Construir | Lumber Camp |
| 7:28 | Crear | Villager (Male) |
| 7:31 | Crear | Villager (Male) |
| 7:48 | Construir | House |
| 8:10 | Crear | Villager (Male) |
| 8:14 | Crear | Villager (Male) |
| 8:38 | Construir | Mining Camp |
| 9:04 | Crear | Villager (Male) |
| 9:15 | Construir | Farm |
| 9:20 | Construir | Farm |
| 9:25 | Construir | Farm |
| 10:00 | Investigar | Feudal Age |
| 10:08 | Construir | Barracks |
| 10:26 | Construir | Farm |
| 11:07 | Construir | House |
| 11:30 | Construir | House |
| 11:44 | Crear | Villager (Male) |
| 11:44 | Crear | Villager (Male) |
| 12:10 | Edad | Edad Feudal |
| 12:18 | Construir | Market |
| 12:55 | Crear | Villager (Male) |
| 13:09 | Construir | Blacksmith |
| 13:24 | Crear | Villager (Male) |
| 13:44 | Construir | Farm |
| 13:44 | Construir | Farm |
| 13:49 | Crear | Villager (Male) |
| 14:07 | Crear | Villager (Male) |
| 14:16 | Crear | Villager (Male) |
| 14:22 | Construir | Farm |
| 14:23 | Construir | Farm |
| 14:55 | Crear | Villager (Male) |
| 15:19 | Construir | Mining Camp |
| 15:27 | Crear | Villager (Male) |
| 16:07 | Investigar | Castle Age |
| 17:01 | Investigar | Double-Bit Axe |
| 17:20 | Construir | Farm |
| 17:20 | Construir | Farm |
| 17:47 | Crear | Spearman |
| 17:47 | Crear | Spearman |
| 18:08 | Construir | Stable |
| 18:19 | Investigar | Stone Mining |
| 18:31 | Crear | Villager (Male) |
| 18:32 | Crear | Villager (Male) |
| 18:47 | Edad | Edad de los Castillos |
| 18:51 | Construir | Stable |
| 19:03 | Construir | Town Center |
| 19:17 | Construir | Town Center |
| 19:25 | Crear | Villager (Male) |
| 19:34 | Construir | House |
| 19:36 | Construir | House |
| 19:37 | Construir | House |
| 19:39 | Construir | House |
| 19:41 | Construir | House |
| 19:43 | Construir | House |
| 20:01 | Construir | House |
| 20:14 | Crear | Villager (Male) |
| 20:26 | Investigar | Forging |
| 20:42 | Construir | Siege Workshop |
| 21:11 | Crear | Knight |
| 21:11 | Crear | Knight |
| 21:23 | Crear | Villager (Male) |
| 21:24 | Crear | Villager (Male) |
| 21:25 | Crear | Villager (Male) |
| 21:31 | Crear | Villager (Male) |
| 21:43 | Crear | Battering Ram |
| 21:57 | Construir | University |
| 22:08 | Investigar | Gold Mining |
| 22:26 | Crear | Villager (Male) |
| 22:27 | Crear | Villager (Male) |
| 22:32 | Construir | Farm |
| 22:33 | Construir | Farm |
| 22:48 | Crear | Battering Ram |
| 22:54 | Crear | Knight |
| 22:54 | Crear | Knight |
| 23:22 | Construir | Farm |
| 23:25 | Construir | Farm |
| 23:30 | Crear | Villager (Male) |
| 23:31 | Crear | Villager (Male) |
| 24:08 | Construir | Farm |
| 24:08 | Construir | Farm |
| 24:21 | Crear | Knight |
| 24:22 | Crear | Knight |
| 24:29 | Investigar | Scale Barding Armor |
| 25:33 | Construir | Castle |
| 25:47 | Crear | Villager (Male) |
| 25:47 | Crear | Villager (Male) |
| 25:47 | Crear | Villager (Male) |
| 25:48 | Crear | Villager (Male) |
| 25:48 | Crear | Villager (Male) |
| 25:48 | Crear | Villager (Male) |
| 27:07 | Construir | Mining Camp |
| 27:15 | Construir | Farm |
| 27:16 | Construir | Farm |
| 27:17 | Construir | Farm |
| 27:18 | Construir | Farm |
| 27:20 | Construir | Farm |
| 27:21 | Construir | Farm |
| 27:41 | Investigar | Fletching |
| 27:47 | Crear | Villager (Male) |
| 27:48 | Crear | Villager (Male) |
| 27:49 | Crear | Villager (Male) |
| 28:19 | Construir | Monastery |
| 28:46 | Construir | Mill |
| 28:48 | Crear | Villager (Male) |
| 28:49 | Crear | Villager (Male) |
| 28:49 | Crear | Villager (Male) |
| 28:49 | Crear | Villager (Male) |
| 28:51 | Crear | Villager (Male) |
| 28:51 | Crear | Villager (Male) |
| 28:57 | Construir | Farm |
| 28:58 | Construir | Farm |
| 28:58 | Construir | Farm |
| 28:59 | Construir | Farm |
| 29:00 | Construir | Farm |
| 29:00 | Construir | Farm |
| 29:01 | Construir | Farm |
| 29:02 | Construir | Farm |
| 29:03 | Construir | Farm |
| 29:04 | Construir | Farm |
| 29:15 | Investigar | Bow Saw |
| 29:31 | Investigar | Gold Shaft Mining |
| 29:43 | Crear | Villager (Male) |
| 29:44 | Crear | Villager (Male) |
| 29:44 | Crear | Villager (Male) |
| 29:45 | Crear | Villager (Male) |
| 29:46 | Crear | Villager (Male) |
| 29:46 | Crear | Villager (Male) |
| 29:55 | Construir | House |
| 29:56 | Construir | House |
Build order — ExDictador Nicolas Maduro
Primeras 150 de 369 acciones detectadas
| 0:02 | Crear | Villager (Male) |
| 0:02 | Crear | Villager (Male) |
| 0:02 | Crear | Villager (Male) |
| 0:02 | Crear | Villager (Male) |
| 0:03 | Crear | Villager (Male) |
| 0:03 | Crear | Villager (Male) |
| 0:03 | Crear | Villager (Male) |
| 0:05 | Construir | House |
| 0:07 | Construir | House |
| 0:43 | Investigar | Loom |
| 1:37 | Crear | Villager (Male) |
| 1:51 | Construir | Lumber Camp |
| 2:11 | Crear | Villager (Male) |
| 2:11 | Crear | Villager (Male) |
| 2:37 | Crear | Villager (Male) |
| 2:37 | Crear | Villager (Male) |
| 2:48 | Crear | Villager (Male) |
| 2:49 | Crear | Villager (Male) |
| 2:55 | Construir | House |
| 2:56 | Construir | House |
| 3:29 | Crear | Villager (Male) |
| 3:40 | Crear | Villager (Male) |
| 3:41 | Crear | Villager (Male) |
| 4:04 | Crear | Villager (Male) |
| 4:04 | Crear | Villager (Male) |
| 5:17 | Crear | Villager (Male) |
| 5:21 | Crear | Villager (Male) |
| 5:21 | Crear | Villager (Male) |
| 5:21 | Crear | Villager (Male) |
| 5:21 | Crear | Villager (Male) |
| 5:22 | Crear | Villager (Male) |
| 5:22 | Crear | Villager (Male) |
| 5:44 | Crear | Villager (Male) |
| 5:44 | Crear | Villager (Male) |
| 5:44 | Crear | Villager (Male) |
| 6:00 | Crear | Villager (Male) |
| 6:00 | Crear | Villager (Male) |
| 6:00 | Crear | Villager (Male) |
| 6:20 | Crear | Villager (Male) |
| 6:20 | Crear | Villager (Male) |
| 6:21 | Crear | Villager (Male) |
| 6:33 | Construir | Mill |
| 6:48 | Crear | Villager (Male) |
| 6:48 | Crear | Villager (Male) |
| 7:00 | Construir | Mining Camp |
| 7:32 | Crear | Villager (Male) |
| 7:53 | Investigar | Feudal Age |
| 8:12 | Construir | Farm |
| 8:17 | Construir | Farm |
| 8:21 | Construir | Farm |
| 8:25 | Construir | Farm |
| 8:30 | Construir | Farm |
| 8:40 | Crear | Villager (Male) |
| 8:47 | Crear | Villager (Male) |
| 9:01 | Construir | House |
| 9:09 | Crear | Villager (Male) |
| 9:09 | Crear | Villager (Male) |
| 9:09 | Crear | Villager (Male) |
| 9:10 | Crear | Villager (Male) |
| 9:12 | Crear | Villager (Male) |
| 9:13 | Crear | Villager (Male) |
| 10:00 | Crear | Villager (Male) |
| 10:08 | Edad | Edad Feudal |
| 10:17 | Construir | Market |
| 10:21 | Investigar | Double-Bit Axe |
| 10:24 | Crear | Villager (Male) |
| 11:03 | Crear | Villager (Male) |
| 11:28 | Construir | Blacksmith |
| 11:39 | Crear | Villager (Male) |
| 11:50 | Construir | House |
| 12:04 | Crear | Villager (Male) |
| 12:29 | Investigar | Castle Age |
| 12:29 | Investigar | Castle Age |
| 12:46 | Construir | Lumber Camp |
| 13:34 | Investigar | Horse Collar |
| 14:11 | Construir | Lumber Camp |
| 14:15 | Crear | Villager (Male) |
| 14:16 | Crear | Villager (Male) |
| 14:16 | Crear | Villager (Male) |
| 14:17 | Crear | Villager (Male) |
| 14:17 | Crear | Villager (Male) |
| 14:17 | Crear | Villager (Male) |
| 14:18 | Crear | Villager (Male) |
| 14:35 | Construir | House |
| 14:37 | Construir | House |
| 14:38 | Construir | House |
| 14:54 | Edad | Edad de los Castillos |
| 14:57 | Crear | Villager (Male) |
| 14:58 | Crear | Villager (Male) |
| 15:03 | Investigar | Bow Saw |
| 15:11 | Investigar | Heavy Plow |
| 15:27 | Construir | Farm |
| 15:31 | Construir | Farm |
| 15:41 | Construir | Farm |
| 15:46 | Construir | Farm |
| 15:50 | Crear | Villager (Male) |
| 15:58 | Construir | Farm |
| 16:02 | Construir | Farm |
| 16:10 | Crear | Villager (Male) |
| 16:18 | Construir | Town Center |
| 16:23 | Construir | Farm |
| 16:34 | Crear | Villager (Male) |
| 16:34 | Crear | Villager (Male) |
| 16:43 | Construir | Farm |
| 16:49 | Crear | Villager (Male) |
| 16:50 | Crear | Villager (Male) |
| 17:09 | Crear | Villager (Male) |
| 17:43 | Investigar | Wheelbarrow |
| 17:58 | Crear | Villager (Male) |
| 17:58 | Crear | Villager (Male) |
| 18:10 | Construir | Town Center |
| 18:23 | Crear | Villager (Male) |
| 18:29 | Construir | Farm |
| 18:34 | Construir | Farm |
| 18:36 | Construir | Farm |
| 18:39 | Construir | Farm |
| 18:43 | Construir | Farm |
| 18:47 | Construir | Farm |
| 18:52 | Crear | Villager (Male) |
| 18:52 | Crear | Villager (Male) |
| 18:52 | Crear | Villager (Male) |
| 19:02 | Crear | Villager (Male) |
| 19:03 | Crear | Villager (Male) |
| 19:09 | Crear | Villager (Male) |
| 19:12 | Investigar | Loom |
| 19:20 | Crear | Villager (Male) |
| 19:20 | Crear | Villager (Male) |
| 19:30 | Crear | Villager (Male) |
| 19:44 | Construir | House |
| 19:45 | Construir | House |
| 19:47 | Construir | House |
| 19:49 | Construir | House |
| 19:50 | Construir | House |
| 19:52 | Construir | House |
| 19:53 | Crear | Villager (Male) |
| 19:54 | Crear | Villager (Male) |
| 19:54 | Crear | Villager (Male) |
| 19:54 | Crear | Villager (Male) |
| 20:09 | Crear | Villager (Male) |
| 20:09 | Crear | Villager (Male) |
| 20:43 | Crear | Villager (Male) |
| 20:43 | Crear | Villager (Male) |
| 20:43 | Crear | Villager (Male) |
| 20:44 | Crear | Villager (Male) |
| 20:44 | Crear | Villager (Male) |
| 20:44 | Crear | Villager (Male) |
| 20:52 | Construir | Farm |
| 20:52 | Construir | Farm |
| 20:52 | Construir | Farm |
| 20:53 | Construir | Farm |
Build order — Wuiledewui
Primeras 150 de 296 acciones detectadas
| 0:02 | Construir | House |
| 0:04 | Construir | House |
| 0:05 | Crear | Villager (Male) |
| 0:23 | Crear | Villager (Male) |
| 0:40 | Crear | Villager (Male) |
| 0:42 | Crear | Villager (Male) |
| 1:34 | Crear | Villager (Male) |
| 1:59 | Crear | Villager (Male) |
| 2:14 | Crear | Villager (Male) |
| 2:46 | Crear | Villager (Male) |
| 3:29 | Construir | Lumber Camp |
| 3:36 | Construir | Lumber Camp |
| 3:37 | Crear | Villager (Male) |
| 3:43 | Crear | Villager (Male) |
| 4:07 | Crear | Villager (Male) |
| 4:16 | Construir | House |
| 4:19 | Crear | Villager (Male) |
| 4:36 | Crear | Villager (Male) |
| 4:59 | Construir | Mill |
| 5:26 | Crear | Villager (Male) |
| 7:09 | Crear | Villager (Male) |
| 7:17 | Construir | House |
| 7:21 | Crear | Villager (Male) |
| 7:42 | Construir | Lumber Camp |
| 7:59 | Crear | Villager (Male) |
| 8:05 | Crear | Villager (Male) |
| 8:18 | Crear | Villager (Male) |
| 8:32 | Construir | House |
| 8:36 | Crear | Villager (Male) |
| 8:45 | Crear | Villager (Male) |
| 8:56 | Construir | Mining Camp |
| 8:58 | Crear | Villager (Male) |
| 9:06 | Crear | Villager (Male) |
| 9:11 | Crear | Villager (Male) |
| 9:19 | Construir | Barracks |
| 9:39 | Crear | Villager (Male) |
| 9:52 | Crear | Villager (Male) |
| 9:56 | Crear | Villager (Male) |
| 10:42 | Construir | House |
| 10:49 | Investigar | Feudal Age |
| 10:53 | Construir | Farm |
| 10:54 | Construir | Farm |
| 10:56 | Construir | Farm |
| 10:57 | Construir | Farm |
| 10:57 | Construir | Farm |
| 11:15 | Construir | House |
| 11:33 | Construir | Farm |
| 11:34 | Construir | Farm |
| 11:34 | Construir | Farm |
| 11:34 | Construir | Farm |
| 11:51 | Construir | House |
| 12:59 | Crear | Villager (Male) |
| 13:04 | Edad | Edad Feudal |
| 13:27 | Construir | Blacksmith |
| 13:40 | Construir | Market |
| 13:42 | Crear | Villager (Male) |
| 13:52 | Crear | Villager (Male) |
| 13:57 | Investigar | Double-Bit Axe |
| 13:58 | Investigar | Horse Collar |
| 14:15 | Crear | Villager (Male) |
| 14:28 | Construir | Mill |
| 14:41 | Construir | House |
| 14:44 | Construir | Farm |
| 14:46 | Crear | Villager (Male) |
| 15:00 | Construir | Farm |
| 15:01 | Construir | Farm |
| 15:01 | Construir | Farm |
| 15:01 | Construir | Farm |
| 15:27 | Construir | Mining Camp |
| 15:41 | Crear | Villager (Male) |
| 15:54 | Construir | House |
| 16:02 | Crear | Villager (Male) |
| 16:13 | Construir | Farm |
| 16:27 | Crear | Villager (Male) |
| 16:37 | Construir | Farm |
| 16:38 | Crear | Villager (Male) |
| 16:45 | Crear | Villager (Male) |
| 17:00 | Construir | Farm |
| 17:22 | Investigar | Castle Age |
| 17:27 | Construir | House |
| 17:44 | Construir | Farm |
| 17:53 | Construir | House |
| 18:16 | Construir | Farm |
| 18:30 | Construir | House |
| 18:51 | Construir | House |
| 19:22 | Construir | House |
| 19:23 | Construir | House |
| 19:25 | Construir | House |
| 19:27 | Construir | House |
| 19:36 | Investigar | Wheelbarrow |
| 19:44 | Crear | Villager (Male) |
| 20:01 | Crear | Villager (Male) |
| 20:27 | Edad | Edad de los Castillos |
| 20:34 | Construir | Town Center |
| 20:35 | Crear | Villager (Male) |
| 20:53 | Construir | Castle |
| 21:01 | Crear | Villager (Male) |
| 21:11 | Investigar | Heavy Plow |
| 21:15 | Investigar | Bow Saw |
| 21:19 | Crear | Villager (Male) |
| 21:31 | Construir | House |
| 21:50 | Crear | Villager (Male) |
| 22:24 | Construir | Farm |
| 22:26 | Crear | Villager (Male) |
| 22:26 | Crear | Villager (Male) |
| 22:30 | Crear | Villager (Male) |
| 22:35 | Construir | House |
| 22:40 | Crear | Villager (Male) |
| 22:40 | Crear | Villager (Male) |
| 22:41 | Crear | Villager (Male) |
| 22:50 | Crear | Villager (Male) |
| 22:53 | Crear | Villager (Male) |
| 22:57 | Crear | Villager (Male) |
| 23:08 | Crear | Villager (Male) |
| 23:09 | Crear | Villager (Male) |
| 23:35 | Construir | Town Center |
| 23:44 | Crear | Villager (Male) |
| 23:50 | Crear | Villager (Male) |
| 23:53 | Construir | Farm |
| 24:04 | Construir | House |
| 24:40 | Crear | Villager (Male) |
| 24:44 | Crear | Villager (Male) |
| 24:46 | Crear | Villager (Male) |
| 24:46 | Crear | Villager (Male) |
| 24:51 | Construir | House |
| 25:03 | Crear | Villager (Male) |
| 25:09 | Crear | Villager (Male) |
| 25:26 | Construir | University |
| 25:29 | Construir | House |
| 25:31 | Crear | Villager (Male) |
| 25:40 | Crear | Villager (Male) |
| 25:43 | Crear | Villager (Male) |
| 25:44 | Crear | Villager (Male) |
| 25:53 | Construir | Town Center |
| 25:55 | Crear | Villager (Male) |
| 25:57 | Crear | Villager (Male) |
| 26:00 | Crear | Villager (Male) |
| 26:04 | Construir | House |
| 26:05 | Construir | House |
| 26:23 | Crear | Villager (Male) |
| 26:24 | Crear | Villager (Male) |
| 26:32 | Crear | Villager (Male) |
| 26:39 | Crear | Villager (Male) |
| 26:42 | Crear | Villager (Male) |
| 26:48 | Crear | Villager (Male) |
| 26:50 | Crear | Villager (Male) |
| 26:57 | Investigar | Ballistics |
| 27:02 | Crear | Villager (Male) |
| 27:04 | Crear | Villager (Male) |
| 27:14 | Crear | Villager (Male) |
Build order — jimmi
Primeras 150 de 184 acciones detectadas
| 0:02 | Construir | House |
| 0:04 | Construir | House |
| 0:14 | Crear | Villager (Male) |
| 0:14 | Crear | Villager (Male) |
| 0:15 | Crear | Villager (Male) |
| 0:15 | Crear | Villager (Male) |
| 1:44 | Crear | Villager (Male) |
| 2:13 | Construir | Lumber Camp |
| 2:25 | Crear | Villager (Male) |
| 2:39 | Crear | Villager (Male) |
| 2:57 | Crear | Villager (Male) |
| 3:24 | Construir | House |
| 3:37 | Crear | Villager (Male) |
| 3:37 | Crear | Villager (Male) |
| 3:38 | Crear | Villager (Male) |
| 4:26 | Crear | Villager (Male) |
| 4:51 | Crear | Villager (Male) |
| 4:51 | Crear | Villager (Male) |
| 5:06 | Construir | Mill |
| 5:55 | Crear | Villager (Male) |
| 5:55 | Crear | Villager (Male) |
| 5:56 | Crear | Villager (Male) |
| 6:24 | Construir | House |
| 6:32 | Crear | Villager (Male) |
| 6:33 | Crear | Villager (Male) |
| 7:19 | Crear | Villager (Male) |
| 7:40 | Crear | Villager (Male) |
| 7:44 | Construir | Farm |
| 7:56 | Construir | Farm |
| 8:11 | Construir | Lumber Camp |
| 8:14 | Crear | Villager (Male) |
| 8:15 | Crear | Villager (Male) |
| 8:33 | Construir | Mining Camp |
| 8:35 | Construir | House |
| 8:53 | Crear | Villager (Male) |
| 9:19 | Crear | Villager (Male) |
| 9:22 | Crear | Villager (Male) |
| 9:43 | Investigar | Feudal Age |
| 10:36 | Investigar | Loom |
| 10:37 | Crear | Villager (Male) |
| 10:37 | Crear | Villager (Male) |
| 11:02 | Construir | House |
| 12:30 | Construir | Farm |
| 12:35 | Construir | Farm |
| 12:37 | Construir | Farm |
| 12:40 | Edad | Edad Feudal |
| 12:44 | Construir | Farm |
| 12:55 | Construir | Stone Wall |
| 12:59 | Construir | Gate |
| 13:10 | Construir | Market |
| 13:16 | Construir | Blacksmith |
| 13:59 | Investigar | Castle Age |
| 14:08 | Construir | Farm |
| 14:19 | Construir | Farm |
| 14:36 | Investigar | Horse Collar |
| 14:40 | Investigar | Double-Bit Axe |
| 16:21 | Crear | Villager (Male) |
| 16:21 | Crear | Villager (Male) |
| 16:39 | Edad | Edad de los Castillos |
| 16:43 | Construir | Monastery |
| 16:52 | Construir | Siege Workshop |
| 17:18 | Crear | Monk |
| 17:19 | Crear | Monk |
| 17:31 | Crear | Villager (Male) |
| 17:44 | Construir | Barracks |
| 17:48 | Crear | Mangonel |
| 17:51 | Crear | Villager (Male) |
| 18:04 | Construir | House |
| 18:06 | Construir | House |
| 18:51 | Crear | Villager (Male) |
| 19:05 | Construir | Mining Camp |
| 20:45 | Investigar | Imperial Age |
| 21:34 | Construir | Archery Range |
| 21:40 | Construir | Archery Range |
| 21:56 | Construir | House |
| 21:58 | Construir | House |
| 22:55 | Construir | University |
| 23:21 | Crear | Villager (Male) |
| 23:21 | Crear | Villager (Male) |
| 23:30 | Investigar | Wheelbarrow |
| 23:55 | Edad | Edad Imperial |
| 23:58 | Crear | Hand Cannoneer |
| 23:59 | Crear | Hand Cannoneer |
| 24:03 | Crear | Bombard Cannon |
| 24:06 | Crear | Bombard Cannon |
| 24:09 | Crear | Hand Cannoneer |
| 24:13 | Construir | House |
| 24:15 | Construir | House |
| 24:52 | Crear | Villager (Male) |
| 24:53 | Crear | Villager (Male) |
| 25:12 | Crear | Hand Cannoneer |
| 25:13 | Crear | Hand Cannoneer |
| 25:13 | Crear | Hand Cannoneer |
| 25:13 | Crear | Hand Cannoneer |
| 25:40 | Construir | House |
| 25:42 | Construir | House |
| 25:53 | Crear | Bombard Cannon |
| 25:56 | Crear | Hand Cannoneer |
| 25:56 | Crear | Hand Cannoneer |
| 26:05 | Construir | Stable |
| 26:12 | Crear | Hand Cannoneer |
| 26:33 | Crear | Monk |
| 26:33 | Crear | Monk |
| 26:39 | Crear | Hand Cannoneer |
| 26:39 | Crear | Hand Cannoneer |
| 26:40 | Crear | Hand Cannoneer |
| 27:31 | Crear | Hand Cannoneer |
| 27:32 | Crear | Hand Cannoneer |
| 27:32 | Crear | Hand Cannoneer |
| 27:36 | Crear | Camel Scout |
| 27:36 | Crear | Camel Scout |
| 27:36 | Crear | Camel Scout |
| 28:06 | Crear | Hand Cannoneer |
| 28:06 | Crear | Hand Cannoneer |
| 28:19 | Crear | Villager (Male) |
| 28:19 | Crear | Villager (Male) |
| 28:23 | Construir | Farm |
| 28:24 | Construir | Farm |
| 28:26 | Construir | Farm |
| 28:27 | Construir | Farm |
| 28:41 | Construir | Town Center |
| 29:42 | Crear | Hand Cannoneer |
| 29:42 | Crear | Hand Cannoneer |
| 29:46 | Crear | Camel Scout |
| 29:47 | Crear | Camel Scout |
| 29:47 | Crear | Camel Scout |
| 30:18 | Crear | Bombard Cannon |
| 30:19 | Crear | Bombard Cannon |
| 31:01 | Investigar | Husbandry |
| 31:02 | Investigar | Bloodlines |
| 33:04 | Crear | Hand Cannoneer |
| 33:04 | Crear | Hand Cannoneer |
| 33:05 | Crear | Hand Cannoneer |
| 33:05 | Crear | Hand Cannoneer |
| 33:05 | Crear | Hand Cannoneer |
| 33:06 | Crear | Hand Cannoneer |
| 33:15 | Construir | Castle |
| 33:44 | Crear | Hand Cannoneer |
| 33:45 | Crear | Hand Cannoneer |
| 33:45 | Crear | Hand Cannoneer |
| 33:51 | Crear | Camel Scout |
| 33:51 | Crear | Camel Scout |
| 33:51 | Crear | Camel Scout |
| 33:51 | Crear | Camel Scout |
| 33:51 | Crear | Camel Scout |
| 34:28 | Investigar | Scale Mail Armor |
| 34:29 | Investigar | Fletching |
| 34:43 | Construir | House |
| 34:45 | Construir | House |
| 35:15 | Crear | Villager (Male) |
Build order — gabrielfigue
Primeras 150 de 156 acciones detectadas
| 0:01 | Crear | Villager (Male) |
| 0:04 | Construir | House |
| 0:07 | Construir | House |
| 0:16 | Crear | Villager (Male) |
| 0:16 | Crear | Villager (Male) |
| 0:17 | Crear | Villager (Male) |
| 1:21 | Crear | Villager (Male) |
| 2:00 | Crear | Villager (Male) |
| 2:28 | Crear | Villager (Male) |
| 3:46 | Crear | Villager (Male) |
| 3:47 | Crear | Villager (Male) |
| 3:47 | Crear | Villager (Male) |
| 3:47 | Crear | Villager (Male) |
| 3:55 | Construir | House |
| 4:17 | Crear | Villager (Male) |
| 4:28 | Crear | Villager (Male) |
| 5:13 | Crear | Villager (Male) |
| 6:09 | Construir | Mill |
| 6:35 | Crear | Villager (Male) |
| 6:37 | Crear | Villager (Male) |
| 6:37 | Crear | Villager (Male) |
| 6:38 | Crear | Villager (Male) |
| 6:39 | Crear | Villager (Male) |
| 7:49 | Crear | Villager (Male) |
| 7:59 | Construir | House |
| 8:45 | Construir | Lumber Camp |
| 9:27 | Investigar | Feudal Age |
| 9:43 | Construir | Mining Camp |
| 9:58 | Construir | Farm |
| 9:58 | Construir | Farm |
| 9:58 | Construir | Farm |
| 10:07 | Investigar | Double-Bit Axe |
| 11:19 | Construir | House |
| 11:34 | Crear | Villager (Male) |
| 11:54 | Construir | Farm |
| 11:55 | Edad | Edad Feudal |
| 11:56 | Crear | Villager (Male) |
| 11:57 | Crear | Villager (Male) |
| 12:10 | Investigar | Bow Saw |
| 12:36 | Investigar | Horse Collar |
| 12:40 | Construir | Farm |
| 12:49 | Construir | Farm |
| 13:17 | Construir | Farm |
| 14:04 | Crear | Villager (Male) |
| 14:05 | Crear | Villager (Male) |
| 14:10 | Investigar | Heavy Plow |
| 14:42 | Construir | Lumber Camp |
| 14:49 | Construir | Market |
| 14:55 | Crear | Villager (Male) |
| 15:57 | Construir | Farm |
| 16:00 | Construir | Farm |
| 16:04 | Construir | Farm |
| 16:37 | Construir | Mining Camp |
| 16:52 | Crear | Villager (Male) |
| 16:53 | Crear | Villager (Male) |
| 17:02 | Construir | Blacksmith |
| 17:39 | Investigar | Castle Age |
| 18:30 | Construir | Farm |
| 19:02 | Construir | Barracks |
| 19:12 | Crear | Villager (Male) |
| 19:34 | Crear | Villager (Male) |
| 19:56 | Crear | Villager (Male) |
| 20:23 | Edad | Edad de los Castillos |
| 20:43 | Crear | Flemish Militia |
| 20:43 | Crear | Flemish Militia |
| 20:49 | Construir | House |
| 21:12 | Construir | Archery Range |
| 21:15 | Crear | Flemish Militia |
| 21:18 | Construir | Farm |
| 21:44 | Construir | Town Center |
| 21:52 | Crear | Villager (Male) |
| 21:52 | Crear | Villager (Male) |
| 21:57 | Investigar | Crop Rotation |
| 22:05 | Investigar | Stone Mining |
| 22:06 | Investigar | Gold Mining |
| 22:20 | Construir | House |
| 22:24 | Construir | House |
| 22:29 | Crear | Flemish Militia |
| 22:31 | Crear | Flemish Militia |
| 22:55 | Crear | Villager (Male) |
| 22:55 | Crear | Villager (Male) |
| 22:56 | Crear | Villager (Male) |
| 23:05 | Crear | Flemish Militia |
| 23:05 | Crear | Flemish Militia |
| 23:25 | Investigar | Forging |
| 23:43 | Construir | Mining Camp |
| 23:49 | Crear | Flemish Militia |
| 24:01 | Crear | Villager (Male) |
| 24:01 | Crear | Villager (Male) |
| 25:51 | Construir | Castle |
| 25:54 | Crear | Flemish Militia |
| 25:55 | Crear | Flemish Militia |
| 26:01 | Crear | Villager (Male) |
| 26:02 | Crear | Villager (Male) |
| 26:03 | Crear | Villager (Male) |
| 26:03 | Crear | Villager (Male) |
| 26:07 | Investigar | Scale Barding Armor |
| 26:19 | Construir | House |
| 26:37 | Investigar | Elite Skirmisher (upgrade) |
| 26:38 | Crear | Skirmisher ×4 |
| 27:04 | Crear | Skirmisher ×4 |
| 28:38 | Construir | House |
| 28:45 | Crear | Villager (Male) |
| 28:46 | Crear | Villager (Male) |
| 28:47 | Crear | Villager (Male) |
| 29:08 | Construir | House |
| 29:13 | Crear | Skirmisher ×5 |
| 29:40 | Crear | Skirmisher |
| 29:48 | Construir | Archery Range |
| 30:02 | Investigar | Fletching |
| 30:02 | Investigar | Padded Archer Armor |
| 30:54 | Crear | Skirmisher ×5 |
| 31:08 | Crear | Skirmisher ×5 |
| 31:12 | Crear | Skirmisher ×5 |
| 32:09 | Crear | Skirmisher ×5 |
| 32:17 | Construir | Archery Range |
| 32:18 | Construir | Archery Range |
| 32:31 | Crear | Flemish Militia ×5 |
| 32:47 | Construir | Farm |
| 32:50 | Construir | Farm |
| 32:56 | Investigar | Bodkin Arrow |
| 33:08 | Construir | Farm |
| 33:08 | Construir | Farm |
| 33:08 | Construir | Farm |
| 33:09 | Construir | Farm |
| 33:09 | Construir | Farm |
| 33:09 | Construir | Farm |
| 33:34 | Crear | Flemish Militia |
| 33:34 | Crear | Flemish Militia |
| 33:54 | Crear | Skirmisher ×5 |
| 34:29 | Construir | Barracks |
| 35:15 | Crear | Skirmisher |
| 35:16 | Crear | Skirmisher |
| 35:19 | Crear | Flemish Militia |
| 35:22 | Construir | House |
| 35:24 | Construir | House |
| 35:24 | Construir | House |
| 35:25 | Construir | House |
| 35:33 | Crear | Villager (Male) |
| 35:33 | Crear | Villager (Male) |
| 35:56 | Crear | Villager (Male) |
| 35:56 | Crear | Villager (Male) |
| 36:42 | Construir | House |
| 36:42 | Construir | House |
| 36:43 | Construir | House |
| 37:05 | Crear | Skirmisher |
| 37:06 | Crear | Skirmisher |
| 37:10 | Crear | Flemish Militia |
| 37:11 | Crear | Flemish Militia |
| 37:39 | Construir | Castle |
Build order — Harold Baron
Primeras 150 de 352 acciones detectadas
| 0:00 | Crear | Villager (Male) |
| 0:01 | Crear | Villager (Male) |
| 0:01 | Crear | Villager (Male) |
| 0:01 | Crear | Villager (Male) |
| 0:03 | Construir | House |
| 0:05 | Construir | House |
| 1:23 | Crear | Villager (Male) |
| 2:01 | Crear | Villager (Male) |
| 2:02 | Crear | Villager (Male) |
| 2:15 | Construir | Lumber Camp |
| 2:21 | Crear | Villager (Male) |
| 2:49 | Crear | Villager (Male) |
| 3:01 | Crear | Villager (Male) |
| 3:04 | Construir | House |
| 3:43 | Crear | Villager (Male) |
| 4:01 | Crear | Villager (Male) |
| 4:14 | Construir | Mill |
| 4:35 | Crear | Villager (Male) |
| 4:44 | Crear | Villager (Male) |
| 5:06 | Crear | Villager (Male) |
| 5:09 | Construir | House |
| 5:39 | Crear | Villager (Male) |
| 6:11 | Crear | Villager (Male) |
| 6:25 | Crear | Villager (Male) |
| 6:49 | Crear | Villager (Male) |
| 6:57 | Construir | House |
| 7:26 | Crear | Villager (Male) |
| 7:49 | Investigar | Feudal Age |
| 9:55 | Crear | Villager (Male) |
| 9:55 | Crear | Villager (Male) |
| 10:06 | Edad | Edad Feudal |
| 10:09 | Construir | Market |
| 10:15 | Construir | Blacksmith |
| 10:38 | Construir | Mining Camp |
| 10:50 | Crear | Villager (Male) |
| 11:14 | Crear | Villager (Male) |
| 11:21 | Construir | Mining Camp |
| 11:33 | Construir | House |
| 11:44 | Crear | Villager (Male) |
| 12:02 | Crear | Villager (Male) |
| 12:34 | Investigar | Castle Age |
| 13:11 | Construir | Farm |
| 13:11 | Construir | Farm |
| 13:12 | Construir | Farm |
| 13:18 | Construir | Farm |
| 13:18 | Construir | Farm |
| 13:24 | Construir | Farm |
| 13:31 | Construir | Farm |
| 13:59 | Construir | Farm |
| 14:20 | Construir | Farm |
| 14:54 | Construir | Lumber Camp |
| 15:15 | Crear | Villager (Male) |
| 15:16 | Crear | Villager (Male) |
| 15:16 | Edad | Edad de los Castillos |
| 15:42 | Construir | Town Center |
| 15:45 | Investigar | Wheelbarrow |
| 15:51 | Investigar | Loom |
| 16:21 | Investigar | Double-Bit Axe |
| 16:42 | Crear | Villager (Male) |
| 17:01 | Crear | Villager (Male) |
| 17:05 | Construir | Farm |
| 17:15 | Crear | Villager (Male) |
| 17:18 | Crear | Villager (Male) |
| 17:34 | Crear | Villager (Male) |
| 17:38 | Construir | Farm |
| 17:40 | Construir | Farm |
| 17:46 | Construir | Farm |
| 17:48 | Crear | Villager (Male) |
| 17:55 | Construir | House |
| 17:59 | Construir | House |
| 18:03 | Crear | Villager (Male) |
| 18:18 | Investigar | Horse Collar |
| 18:21 | Crear | Villager (Male) |
| 18:26 | Construir | Farm |
| 18:30 | Construir | Farm |
| 18:37 | Crear | Villager (Male) |
| 18:38 | Crear | Villager (Male) |
| 18:46 | Construir | Farm |
| 18:49 | Crear | Villager (Male) |
| 18:58 | Construir | Farm |
| 19:02 | Crear | Villager (Male) |
| 19:04 | Crear | Villager (Male) |
| 19:11 | Construir | House |
| 19:16 | Construir | House |
| 19:23 | Crear | Villager (Male) |
| 19:24 | Crear | Villager (Male) |
| 19:33 | Construir | Farm |
| 19:45 | Crear | Villager (Male) |
| 19:47 | Crear | Villager (Male) |
| 19:59 | Construir | Farm |
| 20:03 | Construir | Farm |
| 20:16 | Construir | Farm |
| 20:21 | Construir | Farm |
| 20:23 | Crear | Villager (Male) |
| 20:44 | Crear | Villager (Male) |
| 20:45 | Crear | Villager (Male) |
| 20:52 | Construir | Farm |
| 20:56 | Construir | Farm |
| 21:00 | Crear | Villager (Male) |
| 21:04 | Construir | Farm |
| 21:09 | Crear | Villager (Male) |
| 21:10 | Crear | Villager (Male) |
| 21:11 | Crear | Villager (Male) |
| 21:21 | Construir | Castle |
| 21:42 | Crear | Villager (Male) |
| 21:43 | Crear | Villager (Male) |
| 21:50 | Construir | Monastery |
| 21:53 | Crear | Villager (Male) |
| 21:53 | Crear | Villager (Male) |
| 22:00 | Construir | House |
| 22:04 | Construir | House |
| 22:05 | Construir | House |
| 22:07 | Construir | House |
| 22:20 | Investigar | Bow Saw |
| 22:22 | Investigar | Heavy Plow |
| 22:25 | Investigar | Stone Mining |
| 22:30 | Crear | Villager (Male) |
| 22:31 | Crear | Villager (Male) |
| 22:45 | Construir | Farm |
| 22:48 | Construir | Farm |
| 23:01 | Construir | Mining Camp |
| 23:04 | Crear | Villager (Male) |
| 23:05 | Crear | Villager (Male) |
| 23:07 | Construir | Farm |
| 23:14 | Crear | Monk |
| 23:43 | Crear | Villager (Male) |
| 23:43 | Crear | Villager (Male) |
| 23:44 | Crear | Villager (Male) |
| 23:46 | Investigar | Hand Cart |
| 23:53 | Construir | House |
| 23:56 | Construir | House |
| 23:59 | Construir | House |
| 24:01 | Construir | House |
| 24:02 | Construir | House |
| 24:04 | Construir | House |
| 24:17 | Crear | Villager (Male) |
| 24:17 | Crear | Villager (Male) |
| 24:33 | Construir | Siege Workshop |
| 24:36 | Crear | Villager (Male) |
| 24:37 | Crear | Villager (Male) |
| 24:53 | Crear | Villager (Male) |
| 24:54 | Crear | Villager (Male) |
| 25:08 | Crear | Villager (Male) |
| 25:08 | Crear | Villager (Male) |
| 25:18 | Construir | Town Center |
| 25:22 | Crear | Villager (Male) |
| 25:36 | Construir | Barracks |
| 25:46 | Construir | Mining Camp |
| 25:49 | Crear | Mangonel |
| 25:51 | Crear | Villager (Male) |
Build order — EL PELUCHE GUACHIN
Primeras 150 de 304 acciones detectadas
| 0:03 | Construir | House |
| 0:04 | Construir | House |
| 0:05 | Crear | Villager (Male) |
| 0:05 | Crear | Villager (Male) |
| 0:06 | Crear | Villager (Male) |
| 0:06 | Crear | Villager (Male) |
| 1:45 | Crear | Villager (Male) |
| 1:45 | Crear | Villager (Male) |
| 1:45 | Crear | Villager (Male) |
| 2:28 | Crear | Villager (Male) |
| 2:28 | Crear | Villager (Male) |
| 2:29 | Crear | Villager (Male) |
| 3:16 | Crear | Villager (Male) |
| 3:16 | Crear | Villager (Male) |
| 3:37 | Crear | Villager (Male) |
| 3:37 | Crear | Villager (Male) |
| 3:40 | Crear | Villager (Male) |
| 3:40 | Crear | Villager (Male) |
| 3:56 | Construir | Lumber Camp |
| 4:20 | Crear | Villager (Male) |
| 4:20 | Crear | Villager (Male) |
| 4:20 | Crear | Villager (Male) |
| 4:22 | Construir | House |
| 4:38 | Construir | House |
| 5:35 | Crear | Villager (Male) |
| 5:35 | Crear | Villager (Male) |
| 5:43 | Crear | Villager (Male) |
| 5:43 | Crear | Villager (Male) |
| 5:43 | Crear | Villager (Male) |
| 5:44 | Crear | Villager (Male) |
| 7:26 | Construir | House |
| 8:02 | Crear | Villager (Male) |
| 8:02 | Crear | Villager (Male) |
| 8:03 | Crear | Villager (Male) |
| 8:32 | Construir | Mining Camp |
| 8:43 | Investigar | Feudal Age |
| 8:44 | Investigar | Feudal Age |
| 8:44 | Investigar | Feudal Age |
| 8:56 | Construir | Mill |
| 9:12 | Construir | House |
| 9:16 | Crear | Villager (Male) |
| 9:16 | Crear | Villager (Male) |
| 9:57 | Construir | Mill |
| 10:05 | Crear | Villager (Male) |
| 10:06 | Crear | Villager (Male) |
| 10:53 | Edad | Edad Feudal |
| 11:24 | Construir | Mining Camp |
| 11:48 | Construir | House |
| 11:54 | Crear | Villager (Male) |
| 12:33 | Crear | Villager (Male) |
| 12:58 | Crear | Villager (Male) |
| 13:05 | Construir | Farm |
| 13:22 | Construir | House |
| 13:29 | Construir | Farm |
| 13:31 | Crear | Villager (Male) |
| 13:49 | Crear | Villager (Male) |
| 13:58 | Construir | Farm |
| 14:17 | Crear | Villager (Male) |
| 14:51 | Crear | Villager (Male) |
| 15:17 | Crear | Villager (Male) |
| 15:23 | Construir | Farm |
| 15:44 | Crear | Villager (Male) |
| 15:46 | Construir | Farm |
| 16:09 | Crear | Villager (Male) |
| 16:19 | Construir | Farm |
| 16:20 | Construir | Farm |
| 16:22 | Construir | Farm |
| 16:24 | Construir | Farm |
| 16:26 | Construir | Farm |
| 16:27 | Construir | Farm |
| 16:32 | Construir | Farm |
| 16:33 | Construir | Farm |
| 16:35 | Construir | Farm |
| 16:40 | Construir | Farm |
| 16:42 | Construir | Farm |
| 17:18 | Investigar | Castle Age |
| 17:18 | Investigar | Castle Age |
| 17:44 | Crear | Villager (Male) |
| 17:45 | Crear | Villager (Male) |
| 18:48 | Investigar | Horse Collar |
| 18:48 | Investigar | Double-Bit Axe |
| 18:58 | Investigar | Gold Mining |
| 19:58 | Edad | Edad de los Castillos |
| 20:06 | Construir | Castle |
| 20:16 | Construir | Town Center |
| 20:19 | Crear | Villager (Male) |
| 20:19 | Crear | Villager (Male) |
| 20:35 | Construir | Town Center |
| 20:44 | Construir | Town Center |
| 20:52 | Construir | Farm |
| 21:28 | Investigar | Gold Shaft Mining |
| 21:31 | Crear | Villager (Male) |
| 21:31 | Crear | Villager (Male) |
| 21:33 | Crear | Villager (Male) |
| 21:33 | Crear | Villager (Male) |
| 21:35 | Crear | Villager (Male) |
| 21:36 | Crear | Villager (Male) |
| 21:36 | Crear | Villager (Male) |
| 21:36 | Crear | Villager (Male) |
| 21:52 | Crear | Villager (Male) |
| 21:53 | Crear | Villager (Male) |
| 22:12 | Investigar | Bow Saw |
| 22:42 | Crear | Villager (Male) |
| 22:43 | Crear | Villager (Male) |
| 22:43 | Crear | Villager (Male) |
| 22:48 | Crear | Villager (Male) |
| 22:49 | Crear | Villager (Male) |
| 23:01 | Construir | House |
| 23:01 | Construir | House |
| 23:01 | Construir | House |
| 23:02 | Construir | House |
| 23:02 | Construir | House |
| 23:02 | Construir | House |
| 23:03 | Construir | House |
| 23:04 | Construir | House |
| 23:04 | Construir | House |
| 23:04 | Construir | House |
| 23:08 | Crear | Villager (Male) |
| 23:09 | Crear | Villager (Male) |
| 23:13 | Crear | Villager (Male) |
| 23:13 | Crear | Villager (Male) |
| 23:18 | Construir | Siege Workshop |
| 23:49 | Construir | Siege Workshop |
| 24:03 | Crear | Villager (Male) |
| 24:04 | Investigar | Wheelbarrow |
| 24:06 | Crear | Villager (Male) |
| 24:17 | Crear | Villager (Male) |
| 24:19 | Crear | Villager (Male) |
| 24:32 | Crear | Mangonel |
| 24:44 | Construir | Stone Wall |
| 24:47 | Construir | Stone Wall |
| 24:54 | Crear | Mangonel |
| 25:16 | Construir | Siege Workshop |
| 25:37 | Crear | Scorpion |
| 25:37 | Crear | Scorpion |
| 25:43 | Construir | Farm |
| 25:45 | Crear | Villager (Male) |
| 25:46 | Crear | Villager (Male) |
| 25:52 | Crear | Villager (Male) |
| 25:53 | Crear | Villager (Male) |
| 25:54 | Crear | Villager (Male) |
| 25:57 | Crear | Villager (Male) |
| 25:57 | Crear | Villager (Male) |
| 25:57 | Crear | Villager (Male) |
| 26:06 | Crear | Scorpion |
| 26:08 | Crear | Scorpion |
| 26:11 | Crear | Scorpion |
| 26:11 | Crear | Scorpion |
| 26:28 | Construir | Siege Workshop |
| 26:33 | Construir | House |
Cronología de la partida
| 9:19 | Wuiledewui · first_building Barracks |
| 10:06 | Harold Baron · age_up feudal |
| 10:08 | ExDictador Nicolas Maduro · age_up feudal |
| 10:08 | SirFrank · first_building Barracks |
| 10:20 | ivan8v · age_up feudal |
| 10:53 | EL PELUCHE GUACHIN · age_up feudal |
| 11:55 | gabrielfigue · age_up feudal |
| 12:10 | SirFrank · age_up feudal |
| 12:32 | Harold Baron · first_market_sell 100 wood |
| 12:40 | jimmi · age_up feudal |
| 12:55 | jimmi · wall_segment Stone Wall x34 |
| 13:04 | Wuiledewui · age_up feudal |
| 14:12 | ivan8v · first_building Barracks |
| 14:41 | ivan8v · first_market_buy 100 food |
| 14:54 | ExDictador Nicolas Maduro · age_up castle |
| 15:16 | Harold Baron · age_up castle |
| 15:29 | ivan8v · first_building Stable |
| 15:30 | Harold Baron · first_market_buy 100 wood |
| 16:39 | jimmi · age_up castle |
| 16:43 | jimmi · first_building Monastery |
| 16:52 | jimmi · first_building Siege Workshop |
| 17:07 | Wuiledewui · first_market_sell 100 stone |
| 17:16 | Wuiledewui · first_market_buy 100 food |
| 17:20 | ivan8v · age_up castle |
| 17:44 | jimmi · first_building Barracks |
| 18:08 | SirFrank · first_building Stable |
| 18:47 | SirFrank · age_up castle |
| 19:02 | gabrielfigue · first_building Barracks |
| 19:14 | jimmi · first_market_sell 100 wood |
| 19:23 | jimmi · first_market_buy 100 food |
| 19:58 | EL PELUCHE GUACHIN · age_up castle |
| 20:06 | EL PELUCHE GUACHIN · first_building Castle |
| 20:23 | gabrielfigue · age_up castle |
| 20:27 | Wuiledewui · age_up castle |
| 20:42 | SirFrank · first_building Siege Workshop |
| 20:53 | Wuiledewui · first_building Castle |
| 21:12 | gabrielfigue · first_building Archery Range |
| 21:21 | Harold Baron · first_building Castle |
| 21:34 | jimmi · first_building Archery Range |
| 21:37 | ExDictador Nicolas Maduro · first_building Monastery |
| 21:50 | Harold Baron · first_building Monastery |
| 23:12 | ivan8v · first_building Castle |
| 23:18 | EL PELUCHE GUACHIN · first_building Siege Workshop |
| 23:55 | jimmi · age_up imperial |
| 24:14 | ExDictador Nicolas Maduro · first_building Barracks |
| 24:19 | ExDictador Nicolas Maduro · first_building Siege Workshop |
| 24:22 | ivan8v · first_market_sell 100 wood |
| 24:24 | gabrielfigue · tribute_sent a jugador 1 |
| 24:24 | gabrielfigue · tribute_sent a jugador 2 |
| 24:24 | gabrielfigue · tribute_sent a jugador 3 |
| 24:24 | gabrielfigue · tribute_sent a jugador 4 |
| 24:24 | gabrielfigue · tribute_sent a jugador 6 |
| 24:24 | gabrielfigue · tribute_sent a jugador 7 |
| 24:24 | gabrielfigue · tribute_sent a jugador 8 |
| 24:33 | Harold Baron · first_building Siege Workshop |
| 24:34 | Wuiledewui · tribute_sent a jugador 1 |
| 24:34 | Wuiledewui · tribute_sent a jugador 2 |
| 24:34 | Wuiledewui · tribute_sent a jugador 4 |
| 24:34 | Wuiledewui · tribute_sent a jugador 5 |
| 24:34 | Wuiledewui · tribute_sent a jugador 6 |
| 24:34 | Wuiledewui · tribute_sent a jugador 7 |
| 24:34 | Wuiledewui · tribute_sent a jugador 8 |
| 24:37 | gabrielfigue · first_market_sell 100 wood |
| 24:38 | gabrielfigue · first_market_buy 100 food |
| 24:44 | EL PELUCHE GUACHIN · wall_segment Stone Wall x2 |
| 24:47 | EL PELUCHE GUACHIN · wall_segment Stone Wall x1 |
| 25:33 | SirFrank · first_building Castle |
| 25:36 | Harold Baron · first_building Barracks |
| 25:51 | gabrielfigue · first_building Castle |
| 26:05 | jimmi · first_building Stable |
| 26:13 | ExDictador Nicolas Maduro · first_building Archery Range |
| 27:01 | EL PELUCHE GUACHIN · wall_segment Stone Wall x3 |
| 27:04 | EL PELUCHE GUACHIN · wall_segment Stone Wall x6 |
| 27:06 | EL PELUCHE GUACHIN · wall_segment Stone Wall x5 |
| 27:23 | ivan8v · age_up imperial |
| 27:53 | Wuiledewui · first_building Siege Workshop |
| 27:57 | EL PELUCHE GUACHIN · wall_segment Stone Wall x1 |
| 28:19 | SirFrank · first_building Monastery |
| 28:31 | ExDictador Nicolas Maduro · first_building Castle |
| 28:51 | Harold Baron · first_building Stable |
| 29:57 | ExDictador Nicolas Maduro · age_up imperial |
| 30:43 | Wuiledewui · first_building Archery Range |
| 31:11 | SirFrank · first_market_sell 100 wood |
| 31:33 | Harold Baron · age_up imperial |
| 32:23 | EL PELUCHE GUACHIN · age_up imperial |
| 33:15 | jimmi · first_building Castle |
| 33:29 | Wuiledewui · first_building Stable |
| 34:29 | SirFrank · age_up imperial |
| 36:22 | Wuiledewui · age_up imperial |
| 36:27 | ivan8v · first_building Siege Workshop |
| 38:53 | ivan8v · resign |
[ ANÁLISIS IA · 1 CRÉDITO ]
¿Qué pasó realmente en esta partida?
Wolo.gg analiza cada decisión: build order, eco, micro, errores típicos por bracket. Análisis personalizado por WhatsApp o Discord en 30 segundos.
Guía civ
Persas
Perfil
Jugador #3907995